 Dungeon Crawl Stone Soup version 0.17.1-1-g73c8601 (webtiles) character file.

177 JustSomeDude the Sneak (level 5, -1/35 HPs)
             Began as an Octopode Assassin on Dec 20, 2015.
             Slain by a sky beast (5 damage)
             ... on level 3 of the Dungeon.
             The game lasted 00:12:24 (2291 turns).

JustSomeDude the Sneak (Octopode Assassin)          Turns: 2291, Time: 00:12:24

Health: -1/35      AC:  1    Str: 12    XL:     5   Next: 57%
Magic:  5/5        EV: 13    Int: 18    God:
Gold:   111        SH:  0    Dex: 15    Spells: 0 memorised, 4 levels left

rFire  . . .     SeeInvis .     b - +1 blowgun
rCold  . . .     Clarity  .     (no shield)
rNeg   . . .     SustAt   .     (helmet restricted)
rPois  .         Gourm    .     (no amulet)
rElec  .         Spirit   .     j - +5 ring of intelligence
rCorr  .         Warding  .     k - +2 ring of strength
rMut   .         Rnd*Tele +     l - ring of teleportation (curse)
MR     +....                    m - ring of wizardry
Stlth  +++++.....               q - ring of protection from magic
                                (no ring)
                                (no ring)
                                (no ring)

@: somewhat resistant to hostile enchantments, quite stealthy
A: almost no armour, amphibious, 8 rings, constrict 8, camouflage 1, gelatinous
body 1
a: Evoke Teleportation


You were on level 3 of the Dungeon.
You were not hungry.

You visited 1 branch of the dungeon, and saw 3 of its levels.

You collected 111 gold pieces.

Inventory:

Hand Weapons
 a - a +2 dagger
 b - a +1 blowgun (weapon)
 o - a +1 dagger of electrocution
Missiles
 c - 13 poisoned needles
 d - 2 curare-tipped needles
 g - 3 needles of confusion (quivered)
Jewellery
 j - a +5 ring of intelligence (left tentacle)
 k - a +2 ring of strength (right tentacle)
 l - a cursed ring of teleportation (on tentacle)
 m - a ring of wizardry (on tentacle)
 q - a ring of protection from magic (on tentacle)
Scrolls
 h - 7 scrolls of identify
 i - a scroll of fog
 n - a scroll of enchant weapon
Comestibles
 e - 4 bread rations
 f - 12 fruits
 p - a beef jerky


   Skills:
 + Level 2.4 Fighting
 * Level 2.8 Short Blades
 + Level 2.0 Throwing
 * Level 3.0 Dodging
 + Level 7.3 Stealth


You had 4 spell levels left.
You didn't know any spells.

Dungeon Overview and Level Annotations

Branches:
Dungeon (3/15)

Altars:
Nemelex Xobeh
Trog


Innate Abilities, Weirdness & Mutations

You cannot wear most types of armour.
You are amphibious.
You can wear up to eight rings at the same time.
You can use your tentacles to constrict eight enemies at once.
Your skin changes colour to match your surroundings (Stealth).
Your rubbery body absorbs attacks (AC +1).


Message History

You hit the jackal. You grab the jackal. You squeeze the jackal.
You kill the jackal!
Something hits you. Something shocks you.
You see here a jackal corpse.
You closely miss something. Something hits you. Something shocks you.
You miss something. Something hits you. Something shocks you.
* * * LOW HITPOINT WARNING * * *
You aren't carrying any potions.
Read which item? (? for menu, Esc to quit)
Okay, then.
Unknown command.
Your +1 dagger of electrocution stops crackling.
b - a +1 blowgun (weapon)
Quivering
g - 4 needles of confusion for blowguns.
Firing (i - inventory. (,) - cycle):
g - 4 needles of confusion (quivered)
Press: ? - help, Shift-Dir - straight line You shoot a needle of confusion.
Something hits you.
* * * LOW HITPOINT WARNING * * *
Something shocks you.
You die...

##...## ##.....## .#
#.......## .#
.........# .##
.†.......+ ..
.........# .#
#.......## ##.#
##.....## #{.#
##...## # #@# #
##'## #.##.##.#
###.########.......#
#.........#####.####
#.#.#####.# #.#
#....####.#####.#
##...............#
.......###.#######
##.#.### #.#


There were no monsters in sight!

Vanquished Creatures
  An orc wizard (D:3)
  Robin (D:2)
  4 gnolls (D:2)
  A worker ant zombie (D:3)
  2 adders
  An adder skeleton (D:3)
  A worm (D:3)
  7 orcs (D:3)
  10 goblins
  8 hobgoblins
  5 jackals
  3 ball pythons
  4 bats
  4 giant newts
  A jackal skeleton (D:3)
  3 kobolds
  A quokka skeleton (D:3)
  6 rats
63 creatures vanquished.

Notes
Turn   | Place    | Note
--------------------------------------------------------------
     0 | D:1      | JustSomeDude the Octopode Assassin began the quest for the Orb.
     0 | D:1      | Reached XP level 1. HP: 14/14 MP: 1/1
    56 | D:1      | Reached XP level 2. HP: 17/19 MP: 2/2
   516 | D:2      | Reached skill level 6 in Stealth
   705 | D:2      | Reached XP level 3. HP: 20/24 MP: 3/3
   716 | D:2      | Found a sparkling altar of Nemelex Xobeh.
   822 | D:2      | Noticed Robin
  1096 | D:2      | Killed Robin
  1096 | D:2      | Reached XP level 4. HP: 14/29 MP: 4/4
  1374 | D:2      | Found a bloodstained altar of Trog.
  1606 | D:3      | Reached skill level 7 in Stealth
  1606 | D:3      | Reached XP level 5. HP: 11/35 MP: 5/5
  2285 | D:3      | Noticed a sky beast
  2291 | D:3      | Slain by a sky beast

Action                   |  1- 3 |  4- 6 || total
-------------------------+-------+-------++-------
Melee: Dagger            |    62 |    50 ||   112
 Fire: Blowgun           |     3 |     3 ||     6
  Use: Scroll            |     7 |     2 ||     9
       Potion            |     2 |     1 ||     3
 Stab: Sleeping          |     8 |     6 ||    14
       Distracted        |     1 |       ||     1
  Eat: Meat ration       |     1 |       ||     1
